MLB
NEW YORK METS @ LOS ANGELES DODGERS
03/22/2068
 
TOP OF THE 1ST
New York Mets batting - Pitching for Los Angeles Dodgers : LHP Peter Slade
Pitching: LHP Peter Slade
Batting: RHB Françisquo Beja 0-0: Ball
1-0: Called Strike
1-1: Ball
2-1: Swinging Strike
2-2: Fly out, F8 (Flyball, 8LD, EV 96.9 MPH)
Batting: RHB Oscar Estrada 0-0: Ground out 4-3 (Groundball, 4, EV 105.0 MPH)
Batting: SHB Raul Campos 0-0: Foul Ball, location: 2F
0-1: Swinging Strike
0-2: Ball
1-2: SOLO HOME RUN (Flyball, 7D, EV 105.0 MPH), Distance : 425 ft
Batting: RHB Chad Sweeney 0-0: Ball
1-0: Ball
2-0: Called Strike
2-1: Fly out, F4 (Flyball, 4D, EV 90.6 MPH)
Top of the 1st over - 1 run, 1 hit, 0 errors, 0 left on base; New York 1 - Los Angeles 0
BOTTOM OF THE 1ST
Los Angeles Dodgers batting - Pitching for New York Mets : RHP Victor Olmos
Pitching: RHP Victor Olmos
Batting: LHB Tom Hicks 0-0: Ball
1-0: Called Strike
1-1: Ground out 4-3 (Groundball, 4, EV 104.4 MPH)
Batting: LHB Bobby Flores 0-0: Called Strike
0-1: Called Strike
0-2: DOUBLE (Line Drive, 7LM, EV 108.8 MPH)
Batting: LHB Miguel Barrientos 0-0: Ball
1-0: Foul Ball, location: 2F
1-1: Called Strike
1-2: Strikes out swinging
Batting: RHB Ricardo Flores 0-0: Called Strike
0-1: Ground out 6-3 (Groundball, 6, EV 79.4 MPH)
Bottom of the 1st over - 0 runs, 1 hit, 0 errors, 1 left on base; New York 1 - Los Angeles 0
TOP OF THE 2ND
New York Mets batting - Pitching for Los Angeles Dodgers : LHP Peter Slade
Batting: LHB Alex Fernandez 0-0: Ball
1-0: Ball
2-0: Foul Ball, location: 2F
2-1: Ground out 4-3 (Groundball, 4, EV 96.9 MPH)
Batting: RHB Zachary Beier 0-0: Ground out 5-3 (Groundball, 56, EV 101.2 MPH)
Batting: LHB Jonathan Leahy 0-0: Ball
1-0: Called Strike
1-1: SOLO HOME RUN (Flyball, 9D, EV 94.4 MPH), Distance : 382 ft
Batting: RHB Jon Cleary 0-0: Ball
1-0: Swinging Strike
1-1: Ball
2-1: Fly out, F4 (Popup, 4MS, EV 79.4 MPH)
Top of the 2nd over - 1 run, 1 hit, 0 errors, 0 left on base; New York 2 - Los Angeles 0
BOTTOM OF THE 2ND
Los Angeles Dodgers batting - Pitching for New York Mets : RHP Victor Olmos
Batting: LHB Luis Barrera 0-0: Swinging Strike
0-1: Ball
1-1: Ball
2-1: Fly out, F9 (Line Drive, 9D, EV 97.5 MPH)
Batting: RHB Justin Rollins 0-0: Fly out, F9 (Line Drive, 9, EV 98.8 MPH)
Batting: RHB Matt Marrow 0-0: Swinging Strike
0-1: SINGLE (Groundball, 6MD, EV 103.8 MPH)
Batting: RHB Justin Vergin 0-0: Called Strike
0-1: Foul Ball, location: 2F
0-2: SINGLE (Groundball, 56D, EV 98.1 MPH)
Matt Marrow to second
Batting: LHB Oscar Becerra 0-0: Fly out, F8 (Line Drive, 8LD, EV 95.6 MPH)
Bottom of the 2nd over - 0 runs, 2 hits, 0 errors, 2 left on base; New York 2 - Los Angeles 0
TOP OF THE 3RD
New York Mets batting - Pitching for Los Angeles Dodgers : LHP Peter Slade
Batting: SHB Edgar Saenz 0-0: Called Strike
0-1: Foul Ball, location: 2F
0-2: Foul Ball, location: 2F
0-2: Fly out, F9 (Line Drive, 9S, EV 104.4 MPH)
Batting: RHB Françisquo Beja 0-0: SINGLE (Line Drive, 6M, EV 99.4 MPH)
Batting: RHB Oscar Estrada 0-0: Called Strike
0-1: Ball
1-1: Ball
2-1: SINGLE (Line Drive, 6MD, EV 106.9 MPH)
Françisquo Beja to second
Batting: SHB Raul Campos 0-0: Called Strike
0-1: Swinging Strike
0-2: Strikes out swinging
Batting: RHB Chad Sweeney 0-0: Ball
1-0: Called Strike
1-1: Foul Ball, location: 2F
1-2: Foul Ball, location: 2F
1-2: Foul Ball, location: 2F
1-2: Ball
2-2: Strikes out swinging
Top of the 3rd over - 0 runs, 2 hits, 0 errors, 2 left on base; New York 2 - Los Angeles 0
BOTTOM OF THE 3RD
Los Angeles Dodgers batting - Pitching for New York Mets : RHP Victor Olmos
Batting: LHB Tom Hicks 0-0: Reached via error on a dropped throw from 1B, E1 (Groundball, 34, EV 94.4 MPH)
Batting: LHB Bobby Flores 0-0: Called Strike
0-1: SINGLE (Groundball, 56D, EV 94.4 MPH)
Tom Hicks to second
Batting: LHB Miguel Barrientos 0-0: Ball
1-0: Ball
2-0: Ball
3-0: Called Strike
3-1: Called Strike
3-2: SINGLE (Line Drive, 78S, EV 104.4 MPH)
Tom Hicks to third
Bobby Flores to second
Batting: RHB Ricardo Flores 0-0: Ball
1-0: Grounds into double play, 4-6-3 (Groundball, 4, EV 98.8 MPH)
Tom Hicks scores
Bobby Flores to third
Batting: LHB Luis Barrera 0-0: Ball
1-0: Ball
2-0: Ground out U3 (Groundball, 3L, EV 85.0 MPH)
Bottom of the 3rd over - 1 run, 2 hits, 1 error, 1 left on base; New York 2 - Los Angeles 1
TOP OF THE 4TH
New York Mets batting - Pitching for Los Angeles Dodgers : LHP Peter Slade
Batting: LHB Alex Fernandez 0-0: Ball
1-0: Ball
2-0: Ball
3-0: Base on Balls
Batting: RHB Zachary Beier 0-0: Called Strike
0-1: Ball
1-1: Foul Ball, location: 2F
1-2: Ball
2-2: SINGLE (Groundball, 6MD, EV 95.0 MPH)
Alex Fernandez to second
Batting: LHB Jonathan Leahy 0-0: Fielders Choice at 2nd, 4-6 (Groundball, 34, EV 89.4 MPH)
Alex Fernandez to third
Batting: RHB Jon Cleary 0-0: Called Strike
0-1: Swinging Strike
0-2: Fly out, F7 (Flyball, 78S, EV 73.8 MPH)
Batting: SHB Edgar Saenz 0-0: Ball
1-0: Ball
2-0: Called Strike
2-1: Ball
3-1: Fly out, F9 (Flyball, 9S, EV 79.4 MPH)
Top of the 4th over - 0 runs, 1 hit, 0 errors, 2 left on base; New York 2 - Los Angeles 1
BOTTOM OF THE 4TH
Los Angeles Dodgers batting - Pitching for New York Mets : RHP Victor Olmos
Batting: RHB Justin Rollins 0-0: Ball
1-0: Called Strike
1-1: SINGLE (Line Drive, 4D, EV 108.1 MPH)
Batting: RHB Matt Marrow 0-0: SINGLE (Groundball, 4D, EV 106.9 MPH)
Justin Rollins to second
Justin Rollins to third
Batting: RHB Justin Vergin 0-0: Ball
1-0: Ball
2-0: Ball
3-0: Base on Balls
Matt Marrow to second
Batting: LHB Oscar Becerra 0-0: Foul Ball, location: 2F
0-1: Ball
1-1: Foul Ball, location: 2F
1-2: Foul Ball, location: 2F
1-2: Foul Ball, location: 2F
1-2: Ball
2-2: Foul Ball, location: 2F
2-2: Ball
3-2: Foul Ball, location: 2F
3-2: Fly out, F8 (Line Drive, 8RM, EV 89.4 MPH)
Runner from 3rd tags up, SCORES, no throw by CF
Pitching: RHP Justin Niang
Batting: LHB Tom Hicks 0-0: Swinging Strike
0-1: SINGLE (Line Drive, 78S, EV 95.6 MPH)
Matt Marrow to third
Justin Vergin to second
Batting: LHB Bobby Flores 0-0: Called Strike
0-1: Foul Ball, location: 2F
0-2: Foul Ball, location: 2F
0-2: Ball
1-2: Fly out, F8 (Flyball, 8RS, EV 86.2 MPH)
Runner from 3rd tags up, SCORES, throw by CF
Batting: LHB Miguel Barrientos 0-0: Ground out 1-3 (Groundball, 15S, EV 68.8 MPH)
Bottom of the 4th over - 2 runs, 3 hits, 0 errors, 2 left on base; New York 2 - Los Angeles 3
TOP OF THE 5TH
New York Mets batting - Pitching for Los Angeles Dodgers : LHP Peter Slade
Pitching: RHP Vince McCain
Batting: RHB Françisquo Beja 0-0: Foul Ball, location: 2F
0-1: Ball
1-1: Ball
2-1: Foul Ball, location: 2F
2-2: Ball
3-2: Foul Ball, location: 2F
3-2: SINGLE (Groundball, 3D, EV 103.1 MPH)
Batting: RHB Oscar Estrada 0-0: Called Strike
0-1: Ball
1-1: Foul Ball, location: 2F
1-2: Strikes out swinging
Batting: SHB Raul Campos 0-0: Ball
1-0: Called Strike
1-1: Called Strike
Françisquo Beja is caught stealing 2nd base 2-6
1-2: DOUBLE (Line Drive, 89M, EV 114.4 MPH)
Batting: RHB Chad Sweeney 0-0: Ball
1-0: Ball
2-0: Foul Ball, location: 2F
2-1: Called Strike
2-2: Strikes out swinging
Top of the 5th over - 0 runs, 2 hits, 0 errors, 1 left on base; New York 2 - Los Angeles 3
BOTTOM OF THE 5TH
Los Angeles Dodgers batting - Pitching for New York Mets : RHP Justin Niang
Batting: RHB Ricardo Flores 0-0: Foul Ball, location: 2F
0-1: Swinging Strike
0-2: Ball
1-2: Ball
2-2: Foul Ball, location: 2F
2-2: Foul Ball, location: 2F
2-2: Ball
3-2: Base on Balls
Batting: LHB Luis Barrera 0-0: Ball
1-0: Ball
2-0: Called Strike
2-1: Called Strike
2-2: Ball
3-2: TRIPLE (Line Drive, 9LD, EV 101.9 MPH)
Ricardo Flores scores
Pitching: RHP Ricky Alvarez
Batting: RHB Justin Rollins 0-0: Ball
1-0: Ground out 5-3 (Groundball, 5S, EV 86.9 MPH)
Batting: RHB Matt Marrow 0-0: Called Strike
0-1: Ball
1-1: Ball
2-1: 2-RUN HOME RUN (Flyball, 7D, EV 113.1 MPH), Distance : 411 ft
Batting: RHB Justin Vergin 0-0: Foul Ball, location: 2F
0-1: Swinging Strike
0-2: Foul Ball, location: 2F
0-2: Strikes out swinging
Batting: LHB Oscar Becerra 0-0: Ball
1-0: Foul Ball, location: 2F
1-1: Ball
2-1: Swinging Strike
2-2: Ground out 6-3 (Groundball, 6M, EV 97.5 MPH)
Bottom of the 5th over - 3 runs, 2 hits, 0 errors, 0 left on base; New York 2 - Los Angeles 6
TOP OF THE 6TH
New York Mets batting - Pitching for Los Angeles Dodgers : RHP Vince McCain
Batting: LHB Alex Fernandez 0-0: DOUBLE (Line Drive, 89XD, EV 105.6 MPH)
Batting: RHB Zachary Beier 0-0: Ball
1-0: Ball
2-0: Called Strike
2-1: Sac Bunt to 13S - play at third, runner OUT! 1-5
Batting: LHB Jonathan Leahy 0-0: SINGLE (Groundball, 6MD, EV 96.9 MPH)
Zachary Beier to second
Batting: RHB Jon Cleary 0-0: Ball
1-0: Foul Ball, location: 2F
1-1: Ball
2-1: Ball
3-1: Foul Ball, location: 2F
3-2: Base on Balls
Zachary Beier to third
Jonathan Leahy to second
Batting: SHB Edgar Saenz 0-0: Ball
1-0: Called Strike
1-1: Ball
2-1: Foul Ball, location: 2F
2-2: Strikes out swinging
Pitching: LHP Dave Boehmer
Pinch Hitting: LHB Justin Riley 0-0: Ball
1-0: Called Strike
1-1: Fly out, F6 (Line Drive, 6, EV 70.0 MPH)
Top of the 6th over - 0 runs, 2 hits, 0 errors, 3 left on base; New York 2 - Los Angeles 6
BOTTOM OF THE 6TH
Los Angeles Dodgers batting - Pitching for New York Mets : RHP Ricky Alvarez
Now in CF: Justin Riley
Pinch Hitting: RHB Pat Heist 0-0: Called Strike
0-1: Ground out 6-3 (Groundball, 6, EV 109.4 MPH)
Pinch Hitting: RHB Raul Alvarez 0-0: Called Strike
0-1: Ball
1-1: Ball
2-1: Ball
3-1: SINGLE (Flyball, 6D, EV 89.4 MPH)
Pitching: RHP David Dawson
Pinch Hitting: LHB Angelo Burgos 0-0: Swinging Strike
0-1: Grounds into double play, 3-6-3 (Groundball, 3, EV 104.4 MPH)
Bottom of the 6th over - 0 runs, 1 hit, 0 errors, 0 left on base; New York 2 - Los Angeles 6
TOP OF THE 7TH
New York Mets batting - Pitching for Los Angeles Dodgers : LHP Dave Boehmer
Now at 1B: Raul Alvarez
Now in CF: Pat Heist
Now in RF: Manny Cardenas
Pinch Hitting: LHB Patrido Mendoza 0-0: Called Strike
0-1: Called Strike
0-2: Strikes out swinging
Pinch Hitting: RHB Miguel Leon 0-0: Called Strike
0-1: Ball
1-1: Called Strike
1-2: Ball
2-2: Foul Ball, location: 2F
2-2: Ball
3-2: Base on Balls
Batting: RHB Victor Ramos 0-0: Ball
1-0: Ball
2-0: Called Strike
2-1: Foul Ball, location: 2F
2-2: Grounds into double play, 6-4-3 (Groundball, 6, EV 103.8 MPH)
Top of the 7th over - 0 runs, 0 hits, 0 errors, 0 left on base; New York 2 - Los Angeles 6
BOTTOM OF THE 7TH
Los Angeles Dodgers batting - Pitching for New York Mets : RHP David Dawson
Now at SS: Patrido Mendoza
Now in RF: Miguel Leon
Batting: LHB Angel Juarez 0-0: Ball
1-0: Ball
2-0: Foul Ball, location: 2F
2-1: Called Strike
2-2: SINGLE (Groundball, 6D, EV 103.1 MPH)
Pinch Hitting: RHB Bryant Snow 0-0: Called Strike
0-1: Called Strike
Angel Juarez steals 2nd base
0-2: Ball
1-2: Foul Ball, location: 2F
1-2: Ball
2-2: Ground out 3-1 (Groundball, 34, EV 100.6 MPH)
Angel Juarez to third
Batting: RHB Justin Rollins 0-0: Called Strike
0-1: Ball
1-1: Ball
2-1: Foul Ball, location: 2F
2-2: Fly out, F4 (Line Drive, 4, EV 70.6 MPH)
Batting: RHB Matt Marrow 0-0: Called Strike
0-1: Fly out, F7 (Flyball, 78M, EV 87.5 MPH)
Bottom of the 7th over - 0 runs, 1 hit, 0 errors, 1 left on base; New York 2 - Los Angeles 6
TOP OF THE 8TH
New York Mets batting - Pitching for Los Angeles Dodgers : LHP Dave Boehmer
Now at 2B: Bryant Snow
Pinch Hitting: RHB Alex Ramirez 0-0: Ball
1-0: Swinging Strike
1-1: SINGLE (Groundball, 4D, EV 99.4 MPH)
Batting: RHB Zachary Beier 0-0: Called Strike
0-1: Swinging Strike
0-2: Ball
1-2: Ball
2-2: Strikes out swinging
Pinch Hitting: LHB Mike Lumbley 0-0: Called Strike
0-1: Called Strike
0-2: Ball
1-2: Ball
2-2: Strikes out looking
Batting: RHB Jon Cleary 0-0: Ball
1-0: Foul Ball, location: 2F
1-1: Ball
2-1: Fly out, F8 (Flyball, 8RXD, EV 105.0 MPH)
Top of the 8th over - 0 runs, 1 hit, 0 errors, 1 left on base; New York 2 - Los Angeles 6
BOTTOM OF THE 8TH
Los Angeles Dodgers batting - Pitching for New York Mets : RHP David Dawson
Pitching: RHP Paul Dragone
Now at 1B: Mike Lumbley
Now at SS: Alex Ramirez
Batting: RHB Justin Vergin 0-0: Called Strike
0-1: Called Strike
0-2: Foul Ball, location: 2F
0-2: Ball
1-2: Strikes out swinging
Batting: LHB Oscar Becerra 0-0: Ball
1-0: Called Strike
1-1: Foul Ball, location: 2F
1-2: SINGLE (Line Drive, 8LS, EV 95.0 MPH)
Batting: RHB Pat Heist 0-0: Called Strike
0-1: Ball
1-1: Swinging Strike
1-2: Ball
2-2: Ball
3-2: Base on Balls
Oscar Becerra to second
Batting: RHB Raul Alvarez 0-0: Called Strike
0-1: Ball
1-1: Ball
2-1: Foul Ball, location: 2F
2-2: 3-RUN HOME RUN (Flyball, 7LD, EV 96.2 MPH), Distance : 382 ft
Pitching: RHP Luis Velasquez
Batting: LHB Manny Cardenas 0-0: TRIPLE (Line Drive, 89XD, EV 108.8 MPH)
Batting: LHB Angel Juarez 0-0: Called Strike
0-1: Ball
1-1: Ground out 6-3 (Groundball, 6M, EV 91.9 MPH)
Manny Cardenas scores
Batting: RHB Bryant Snow 0-0: Ball
1-0: Ball
2-0: Swinging Strike
2-1: SINGLE (Flyball, 8LS, EV 94.4 MPH)
Batting: RHB Justin Rollins 0-0: Fly out, F9 (Flyball, 9D, EV 96.2 MPH)
Bottom of the 8th over - 4 runs, 4 hits, 0 errors, 1 left on base; New York 2 - Los Angeles 10
TOP OF THE 9TH
New York Mets batting - Pitching for Los Angeles Dodgers : LHP Dave Boehmer
Pinch Hitting: RHB Dan Latterell 0-0: Ball
1-0: SINGLE (Groundball, 6MD, EV 95.0 MPH)
Pitching: RHP Bryan Harkins
Batting: LHB Justin Riley 0-0: SINGLE (Line Drive, 8LS, EV 104.4 MPH)
Dan Latterell to second
Batting: LHB Patrido Mendoza 0-0: Called Strike
0-1: Ball
1-1: Called Strike
1-2: Strikes out swinging
Batting: RHB Miguel Leon 0-0: Ball
1-0: Foul Ball, location: 2F
1-1: Swinging Strike
1-2: Foul Ball, location: 2F
1-2: Ball
2-2: Strikes out swinging
Batting: RHB Victor Ramos 0-0: Ball
1-0: Ball
2-0: Foul Ball, location: 2F
2-1: Foul Ball, location: 2F
2-2: Strikes out swinging
Top of the 9th over - 0 runs, 2 hits, 0 errors, 2 left on base; New York 2 - Los Angeles 10
Saturday, June 5th , 2021 - OOTP Baseball 22.5 Build 54